 Dungeon Crawl Stone Soup version 0.24.0-37-gcf1ca852f1 (webtiles) character file.

Game seed: 14119360503663098507, levelgen mode: deterministic

322 theswoord the Shield-Bearer (level 6, -3/47 HPs)
             Began as a Demonspawn Fighter on Nov 24, 2019.
             Slain by Grinder (8 damage)
             ... on level 3 of the Dungeon.
             The game lasted 00:02:23 (2242 turns).

theswoord the Shield-Bearer (Demonspawn Fighter)    Turns: 2242, Time: 00:02:23

Health: -3/47      AC:  6    Str: 17    XL:     6   Next: 22%
Magic:  6/6        EV: 12    Int:  9    God:
Gold:   97         SH: 10    Dex: 19    Spells: 5/5 levels left

rFire    . . .     SeeInvis .   a - +0 war axe
rCold    + . .     Gourm    .   c - +0 shield
rNeg     . . .     Faith    .   b - +0 scale mail
rPois    .         Spirit   .   (helmet restricted)
rElec    .         Reflect  .   (no cloak)
rCorr    .         Harm     .   (no gloves)
MR       .....                  (no boots)
Stlth    +.........             (no amulet)
HPRegen  0.15/turn              (no ring)
MPRegen  0.10/turn              (no ring)

@: agile
A: horns 1, cold resistance 1, powered by death 1
a: no special abilities


You were on level 3 of the Dungeon.
You were not hungry.

You visited 1 branch of the dungeon, and saw 3 of its levels.

You collected 97 gold pieces.

Inventory:

Hand Weapons
 a - a +0 war axe (weapon)
Armour
 b - a +0 scale mail (worn)
 c - a +0 shield (worn)
Scrolls
 d - 2 scrolls of teleportation {unknown}
 e - 2 scrolls of identify {unknown}
 h - 4 scrolls of enchant armour {unknown}
 i - a scroll of amnesia {unknown}
 l - 2 scrolls of remove curse {unknown}
Potions
 j - a potion of curing
 m - a potion of magic {unknown}
 n - 2 potions of flight {unknown}
 o - 2 potions of haste {unknown}
 p - a potion of berserk rage {unknown}
 q - a potion of resistance {unknown}
Comestibles
 f - 7 rations
 g - 5 chunks of flesh


   Skills:
 - Level 3.0 Fighting
 + Level 4.4 Axes
 - Level 2.6 Armour
 + Level 4.9 Shields


You had 5 spell levels left.
You didn't know any spells.
Your spell library was empty.

Dungeon Overview and Level Annotations

Branches:
Dungeon (3/15)

Altars:
Sif Muna
Vehumet

Annotations:
D:3 Grinder


Innate Abilities, Weirdness & Mutations

You have a pair of small horns on your head.
Your flesh is cold resistant. (rC+)
You regenerate a little health from kills.


Message History

Grinder gestures at you. You resist with significant effort.
Unknown command.
You barely miss Grinder. You headbutt Grinder.
Grinder is heavily wounded.
Grinder gestures at you. Pain shoots through your body!
* * * LOW HITPOINT WARNING * * *
Grinder hits you.
* * * LOW HITPOINT WARNING * * *
You writhe in agony.
* * * LOW HITPOINT WARNING * * *
You barely miss Grinder. You headbutt Grinder!
Grinder is severely wounded.
You block Grinder's attack.
Unknown command.
You completely miss Grinder. Your headbutt misses Grinder.
Grinder is severely wounded.
Grinder hits you!
You die...

# #. .###### .....#
#.##.###
###.#....############
#..5@................
#...#..#.############
#>...................
#...#..#.############
#...####.# #..# #.#
#.. #.# #.. #.# #.
#.#


You could see Grinder.

Vanquished Creatures
  Sigmund (D:2)
  Jessica (D:2)
  5 adders (D:2)
  An ooze (D:3)
  3 worms
  A dart slug (D:1)
  5 leopard geckos
  2 orcs (D:3)
  2 ball pythons
  2 giant cockroaches
  6 goblins
  7 hobgoblins
  2 jackals (D:1)
  7 kobolds
  A quokka (D:3)
  10 bats
  2 frilled lizards
  5 rats
63 creatures vanquished.

Notes
Turn   | Place    | Note
-------+----------+-------------------------------------------
     0 | D:1      | theswoord the Demonspawn Fighter began the quest for the
                  | Orb.
     0 | D:1      | Reached XP level 1. HP: 18/18 MP: 1/1
   126 | D:1      | Gained mutation: Your flesh is cold resistant. (rC+)
                  | [demonic ancestry]
   126 | D:1      | Reached XP level 2. HP: 17/24 MP: 2/2
   607 | D:2      | Reached XP level 3. HP: 21/29 MP: 3/3
   827 | D:2      | Noticed Jessica
   838 | D:2      | Killed Jessica
   838 | D:2      | Reached XP level 4. HP: 10/35 MP: 4/4
  1092 | D:2      | Found a shimmering blue altar of Sif Muna.
  1548 | D:2      | Found a radiant altar of Vehumet.
  1580 | D:2      | Noticed Sigmund
  1587 | D:2      | Killed Sigmund
  1587 | D:2      | Gained mutation: You regenerate a little health from kills.
                  | [demonic ancestry]
  1587 | D:2      | Reached XP level 5. HP: 29/41 MP: 5/5
  1587 | D:2      | Gained mutation: You have a pair of small horns on your
                  | head. [demonic ancestry]
  1587 | D:2      | Reached XP level 6. HP: 34/47 MP: 6/6
  2221 | D:3      | Noticed Grinder
  2231 | D:3      | Paralysed by Grinder for 3 turns
  2242 | D:3      | Slain by Grinder

Skill      XL: |  1  2  3  4 |
---------------+-------------+-----
Axes           | 2 3 4 |  4.4
Shields        | 3 4 |  4.9
Fighting       | |  3.0
Armour         | |  2.6

Action                   |  1- 3 |  4- 6 || total
-------------------------+-------+-------++-------
Melee: War axe           |   103 |    84 ||   187
       Headbutt          |       |     8 ||     8
  Use: Potion            |       |     3 ||     3
  Eat: Chunk             |       |     5 ||     5
Armor: Scale mail        |    52 |    29 ||    81
Dodge: Dodged            |    31 |    27 ||    58
Block: Shield            |    47 |    41 ||    88

Levels and vault maps discovered:
D:1:      kilobyte_arrival_exit_the_forest, layout_rooms
D:2:      layout_basic, lemuel_crystal_altar, nicolae_overflow_crystal_walls,
          uniq_jessica, uniq_sigmund
D:3:      layout_basic, first_ration, uniq_crazy_yiuf_cottage, uniq_grinder
